 Dungeon Crawl Stone Soup version 0.23.0-3-gf3c87f2 (webtiles) character file.

Game seed: 10554804310155151185

183 vishdafish the Charmwright (level 5, -6/43 HPs)
             Began as a Gnoll Skald on Feb 19, 2019.
             Mangled by a gnoll
             ... wielding a +0 halberd
              (12 damage)
             ... on level 3 of the Dungeon.
             The game lasted 00:06:36 (2041 turns).

vishdafish the Charmwright (Gnoll Skald)            Turns: 2041, Time: 00:06:37

Health: -6/43      AC:  4    Str: 13    XL:     5   Next: 62%
Magic:  8/12       EV: 14    Int: 16    God:
Gold:   71         SH:  0    Dex: 15    Spells: 9/14 levels left

rFire    . . .     SeeInvis .   a - +0 falchion
rCold    . . .     Gourm    .   (no shield)
rNeg     . . .     Faith    .   b - +0 leather armour
rPois    .         Spirit   .   l - +0 helmet
rElec    .         Reflect  .   (no cloak)
rCorr    .         Harm     .   (no gloves)
MR       .....                  (no boots)
Stlth    ++........             k - amulet of the acrobat
HPRegen  0.14/turn              (no ring)
MPRegen  0.13/turn              (no ring)

@: infused (expiring), singing (expiring)
A: distributed training, fangs 1, strong nose
a: no special abilities


You were on level 3 of the Dungeon.
You were very hungry.

You visited 1 branch of the dungeon, and saw 3 of its levels.

You collected 71 gold pieces.

Inventory:

Hand Weapons
 a - a +0 falchion (weapon)
Armour
 b - a +0 leather armour (worn)
 l - a +0 helmet (worn)
Jewellery
 k - an amulet of the acrobat (around neck)
Wands
 m - a wand of random effects (22)
 q - a wand of digging (6)
Scrolls
 g - 5 scrolls of teleportation {unknown}
 h - a scroll of enchant armour {unknown}
 i - 2 scrolls of identify {unknown}
 o - a scroll of remove curse {unknown}
Potions
 c - a potion of mutation {unknown}
 e - 3 potions of curing {unknown}
 f - a potion of invisibility {unknown}
 j - a potion of haste {unknown}
 n - a potion of lignification {unknown}
 p - a potion of berserk rage {unknown}
Comestibles
 d - 3 rations


   Skills:
 + Level 4.8 Fighting
 + Level 1.5 Short Blades
 + Level 4.8 Long Blades
 + Level 1.5 Axes
 + Level 1.5 Maces & Flails
 + Level 1.5 Polearms
 + Level 1.5 Staves
 + Level 1.5 Slings
 + Level 1.5 Bows
 + Level 1.5 Crossbows
 + Level 1.5 Throwing
 + Level 3.0 Armour
 + Level 4.8 Dodging
 + Level 1.5 Stealth
 + Level 1.5 Shields
 + Level 1.5 Unarmed Combat
 + Level 5.2 Spellcasting
 + Level 1.2 Conjurations
 + Level 1.2 Hexes
 + Level 5.5 Charms
 + Level 1.2 Summonings
 + Level 1.2 Necromancy
 + Level 1.2 Translocations
 + Level 1.2 Transmutations
 + Level 1.2 Fire Magic
 + Level 1.2 Ice Magic
 + Level 1.2 Air Magic
 + Level 1.2 Earth Magic
 + Level 1.2 Poison Magic
 + Level 1.7 Invocations
 + Level 1.5 Evocations


You had 9 spell levels left.
You knew the following spells:

 Your Spells              Type           Power        Failure   Level  Hunger
a - Infusion              Chrm           ###.         1%          1    None
b - Song of Slaying       Chrm           ###.....     3%          2    #......
c - Shroud of Golubria    Chrm/Tloc      ###.......   7%          2    #......

Your spell library contained the following spells:

 Spells                   Type           Power        Failure   Level  Hunger
 Regeneration             Chrm/Necr      ###.......   14%         3    ###....
 Spectral Weapon          Hex/Chrm       ###.....     14%         3    ###....


Dungeon Overview and Level Annotations

Branches:
Dungeon (3/15)

Altars:
Fedhas
Yredelemnul
Zin
The Shining One

Annotations:
D:2 2 transporters


Innate Abilities, Weirdness & Mutations

Your experience applies equally to all skills.
You have very sharp teeth.
Your uncanny sense of smell can sniff out nearby items.


Message History

Aim: a gnoll, wielding a +0 halberd The gnoll resists with significant effort.
The gnoll misses you.
Your magical infusion is running out.
You hear a shout!
Found a helmet.
Evoke which item? (* to show all) (? for menu, Esc to quit)
Aiming: Random Effects
Press: ? - help, Shift-Dir - straight line, f/p - gnoll
Aim: a gnoll, wielding a +0 halberd The gnoll flickers and vanishes!
Deactivating autopickup; reactivate with Ctrl-A.
Something hits you!
* * * LOW HITPOINT WARNING * * *
You are feeling very hungry.
Your song is almost over.
A kobold comes into view. It is wielding a +0 dagger.
The kobold misses you.
You closely miss the kobold. The kobold closely misses you. Something hits you!
You die...

# #. .#
#####..#
#. .#
#.K....#
#. .# #
#@#
###.##.
[#.#.##.#
......
........#
#..g#
#####.#g#
#..g#
#.#.#
##..#
#?#.#
#...#
#...# #
#..(#
#.#.###..#
#...#
#........#


You could see a gnoll and a kobold.

Vanquished Creatures
  Jessica (D:2)
  Natasha (thrice) (D:2)
  Robin (D:2)
  A gnoll (D:3)
  A worm (D:1)
  3 dart slugs
  2 leopard geckos
  A giant cockroach (D:3)
  12 goblins
  5 hobgoblins
  3 jackals (D:2)
  6 kobolds
  A ball python (D:1)
  7 bats
  2 frilled lizards (D:1)
  5 rats
54 creatures vanquished.

Notes
Turn   | Place    | Note
-------+----------+-------------------------------------------
     0 | D:1      | vishdafish the Gnoll Skald began the quest for the Orb.
     0 | D:1      | Reached XP level 1. HP: 20/20 MP: 6/6
   503 | D:1      | Reached XP level 2. HP: 26/26 MP: 7/7
   802 | D:2      | Noticed Robin
   938 | D:1      | Learned a level 2 spell: Song of Slaying
   941 | D:1      | Learned a level 2 spell: Shroud of Golubria
   948 | D:1      | Reached XP level 3. HP: 30/31 MP: 0/9
   953 | D:1      | Reached skill level 5 in Spellcasting
  1124 | D:1      | Reached skill level 1 in Invocations
  1293 | D:2      | Killed Robin
  1293 | D:2      | Reached skill level 1 in Short Blades
  1293 | D:2      | Reached skill level 1 in Axes
  1293 | D:2      | Reached skill level 1 in Maces & Flails
  1293 | D:2      | Reached skill level 1 in Polearms
  1293 | D:2      | Reached skill level 1 in Staves
  1293 | D:2      | Reached skill level 1 in Slings
  1293 | D:2      | Reached skill level 1 in Bows
  1293 | D:2      | Reached skill level 1 in Crossbows
  1293 | D:2      | Reached skill level 1 in Throwing
  1293 | D:2      | Reached skill level 1 in Stealth
  1293 | D:2      | Reached skill level 1 in Shields
  1293 | D:2      | Reached skill level 1 in Unarmed Combat
  1293 | D:2      | Reached skill level 1 in Evocations
  1363 | D:2      | Noticed Jessica
  1366 | D:2      | Killed Jessica
  1366 | D:2      | Reached XP level 4. HP: 36/38 MP: 8/11
  1408 | D:2      | Found a glowing golden altar of the Shining One.
  1413 | D:2      | Found a basalt altar of Yredelemnul.
  1441 | D:2      | Found a transporter.
  1460 | D:2      | Noticed an orc warrior
  1462 | D:2      | Found a blossoming altar of Fedhas.
  1471 | D:2      | Noticed Natasha
  1477 | D:2      | Killed Natasha
  1477 | D:2      | Reached skill level 1 in Conjurations
  1477 | D:2      | Reached skill level 1 in Hexes
  1477 | D:2      | Reached skill level 1 in Summonings
  1477 | D:2      | Reached skill level 1 in Necromancy
  1477 | D:2      | Reached skill level 1 in Translocations
  1477 | D:2      | Reached skill level 1 in Transmutations
  1477 | D:2      | Reached skill level 1 in Fire Magic
  1477 | D:2      | Reached skill level 1 in Ice Magic
  1477 | D:2      | Reached skill level 1 in Air Magic
  1477 | D:2      | Reached skill level 1 in Earth Magic
  1477 | D:2      | Reached skill level 1 in Poison Magic
  1477 | D:2      | Reached XP level 5. HP: 36/43 MP: 6/12
  1482 | D:2      | Found a transporter.
  1640 | D:2      | Found a glowing silver altar of Zin.
  1720 | D:2      | Noticed Natasha
  1725 | D:2      | Killed Natasha
  1777 | D:2      | Noticed Natasha
  1787 | D:2      | Killed Natasha
  1867 | D:2      | Noticed an angel
  1873 | D:2      | Noticed a profane servitor
  2041 | D:3      | Mangled by a gnoll

Skill      XL: |  1  2  3  4  5 |
---------------+----------------+-----
Spellcasting   | 5 |  5.2
Invocations    | 1 |  1.7
Short Blades   | 1 |  1.5
Axes           | 1 |  1.5
Maces & Flails | 1 |  1.5
Polearms       | 1 |  1.5
Staves         | 1 |  1.5
Slings         | 1 |  1.5
Bows           | 1 |  1.5
Crossbows      | 1 |  1.5
Throwing       | 1 |  1.5
Stealth        | 1 |  1.5
Shields        | 1 |  1.5
Unarmed Combat | 1 |  1.5
Evocations     | 1 |  1.5
Conjurations   | 1 |  1.2
Hexes          | 1 |  1.2
Summonings     | 1 |  1.2
Necromancy     | 1 |  1.2
Translocations | 1 |  1.2
Transmutations | 1 |  1.2
Fire Magic     | 1 |  1.2
Ice Magic      | 1 |  1.2
Air Magic      | 1 |  1.2
Earth Magic    | 1 |  1.2
Poison Magic   | 1 |  1.2
Armour         | 3 |  3.0
Fighting       | |  4.8
Long Blades    | |  4.8
Dodging        | |  4.8
Charms         | |  5.5

Action                   |  1- 3 |  4- 6 || total
-------------------------+-------+-------++-------
Melee: Falchion          |   109 |    55 ||   164
       Bite              |     7 |     7 ||    14
 Cast: Infusion          |     4 |     4 ||     8
       Shroud of Golubri |     4 |       ||     4
       Song of Slaying   |     2 |     1 ||     3
Evoke: Wand              |       |     2 ||     2
 Stab: Sleeping          |     1 |     1 ||     2
  Eat: Chunk             |     2 |     1 ||     3
Armor: Leather armour    |    25 |    13 ||    38
Dodge: Dodged            |   116 |    65 ||   181
       Rpst.: Falchion   |    28 |    20 ||    48
